 Dungeon Crawl Stone Soup version 0.27-a0-1202-ge72e49191c (webtiles) character file.

Game seed: 2083781391993887928

4 Ijustatesigmund the Chopper (level 1, -2/20 HPs)
             Began as a Minotaur Berserker on June 3, 2021.
             Was a Follower of Trog.
             Slain by a goblin
             ... wielding a +0 club
              (3 damage)
             ... on level 1 of the Dungeon.
             The game lasted 00:00:15 (31 turns).

Ijustatesigmund the Chopper (Minotaur Berserker)      Turns: 31, Time: 00:00:17

Health: -2/20      AC:  2    Str: 21    XL:     1   Next: 50%
Magic:  0/0        EV: 12    Int:  4    God:    Trog [*.....]
Gold:   0          SH:  0    Dex:  9    Spells: 0/0 levels left

rFire    . . .     SeeInvis .   a - +0 hand axe
rCold    . . .     Faith    .   (no shield)
rNeg     . . .     Spirit   .   b - +0 animal skin
rPois    .         Reflect  .   (helmet restricted)
rElec    .         Harm     .   (no cloak)
rCorr    .         Rampage  .   (no gloves)
Will     .....                  (no boots)
Stlth    +.........             (no amulet)
HPRegen  0.06/turn              (no ring)
MPRegen  0.07/turn              (no ring)

@: no status effects
A: horns 2, retaliatory headbutt
a: Renounce Religion, Berserk


You were on level 1 of the Dungeon.
You worshipped Trog.
Trog was aware of your devotion.
You visited 1 branch of the dungeon, and saw 1 of its levels.

Inventory:

Hand Weapons
 a - a +0 hand axe (weapon)
Armour
 b - a +0 animal skin (worn)


   Skills:
 + Level 3.7 Fighting
 * Level 3.9 Axes
 - Level 2.4 Armour
 - Level 2.1 Dodging


You couldn't memorise any spells.
You didn't know any spells.
Your spell library was empty.

Dungeon Overview and Level Annotations

Branches:
Dungeon (1/15)

Altars:


Innate Abilities, Weirdness & Mutations

You have a pair of horns on your head.
You reflexively headbutt those who attack you in melee.


Message History

Trog accepts your kill.
You barely miss the bat. The bat hits you.
A quokka comes into view.
The bat hits you.
You hit the bat.
You kill the bat!
Trog accepts your kill.
A goblin comes into view. It is wielding a +0 club.
The goblin shouts!
The quokka completely misses you.
You hit the quokka but do no damage. The quokka closely misses you.
You barely miss the quokka. You headbutt the quokka.
The quokka is severely wounded.
The quokka closely misses you.
You barely miss the quokka.
The quokka is severely wounded.
The quokka barely misses you. The quokka bites you.
* * * LOW HITPOINT WARNING * * *
You are too injured to fight recklessly!
You are too injured to fight recklessly!
You are too injured to fight recklessly!
You are too injured to fight recklessly!
You are too injured to fight recklessly!
You are too injured to fight recklessly!
You barely miss the quokka. Your headbutt misses the quokka.
The quokka is severely wounded.
The quokka barely misses you.
You barely miss the quokka.
The quokka is severely wounded.
You hit the goblin but do no damage. The goblin hits you but does no damage.
The quokka bites you.
* * * LOW HITPOINT WARNING * * *
You barely miss the quokka.
The quokka is severely wounded.
You hit the goblin.
The quokka bites you but does no damage.
The goblin hits you but does no damage. The quokka bites you.
* * * LOW HITPOINT WARNING * * *
The goblin hits you with a +0 club.
You die...

≈.≈≈≈≈≈# #.......#
...≈≈≈≈# #.......#
...≈.≈≈# #.......#
.....≈≈# #.......#
.....≈≈# #.......#
≈≈≈..≈≈#########.>......
≈≈≈≈.≈≈##.......gr..#
≈≈.≈..≈##.......@...#..
<≈≈≈..≈##.....†.........
≈≈≈≈..###.........>##.##
≈≈≈≈≈.##.......†...+
≈≈≈.≈..#...........#
.≈..≈..#...........+
.≈.≈≈..#...........#
≈.≈≈...#...........#
...≈....#..........#


You could see a quokka and a goblin.

Vanquished Creatures
  A dart slug (D:1)
  A bat (D:1)
2 creatures vanquished.

Notes
Turn   | Place    | Note
-------+----------+-------------------------------------------
     0 | D:1      | Ijustatesigmund the Minotaur Berserker began the quest for
                  | the Orb.
     0 | D:1      | Reached XP level 1. HP: 19/19 MP: 0/0
    31 | D:1      | HP: 1/20 [quokka (1)]
    31 | D:1      | Slain by a goblin

Illustrated notes

Levels and vault maps discovered:
D:1:      dpeg_arrival_more_subterranean_lakeside_camping, layout_basic,
          minmay_cut_off

Action                   || total
-------------------------++-------
Melee: Hand axe          ||    11
       Headbutt          ||     1
Armor: Animal skin       ||     4
Dodge: Dodged            ||     9

Table legend: (Time is in decaauts)
 A = Elapsed time spent in this place.
 B = Non-inter-level travel time spent in this place.
 C = Inter-level travel time spent in this place.
 D = Time resting spent in this place.
 E = Time spent auto-exploring this place.
 F = Levels seen in this place.
 G = Mean time per level.
                   A        B        C        D        E       F      G
               +--------+--------+--------+--------+--------+-----+--------+
         Total |     33 |     33 |      0 |      0 |     13 |   1 |   33.0 |
       Dungeon |     33 |     33 |      0 |      0 |     13 |   1 |   33.0 |
               +--------+--------+--------+--------+--------+-----+--------+

Top non-repeatable levels by time:
     D:1: 33 daAuts
